 Dungeon Sprint DCSS version 0.27-a0-695-gb4952372f7 (webtiles) character file.

Game seed: 2936831338155473270

8322 mhtbhm the Severer (level 11, -1/111 HPs)
             Began as a Minotaur Fighter on Mar 22, 2021.
             Was an Initiate of Gozag.
             Slain by a death yak (2 damage)
             ... while petrified by a catoblepas
             ... in the Dungeon (Sprint VII: "The Pits").
             The game lasted 00:04:38 (2039 turns).

mhtbhm the Severer (Minotaur Fighter)               Turns: 2039, Time: 00:04:39

Health: -1/111     AC: 21    Str: 31    XL:     11   Next: 8%
Magic:  10/10      EV:  2    Int:  5    God:    Gozag
Gold:   2623       SH:  0    Dex:  9    Spells: 10/10 levels left

rFire    . . .     SeeInvis .   a - +1 broad axe (freeze)
rCold    . . .     Faith    .   c - +0 kite shield
rNeg     + + +     Spirit   .   b - +4 chain mail
rPois    ∞         Reflect  .   (helmet restricted)
rElec    .         Harm     .   r - +0 cloak
rCorr    .         Rampage  .   (no gloves)
Will     .....     NoTele   +   q - +0 pair of boots
Stlth    ..........             (no amulet)
HPRegen  0.28/turn              n - +3 ring of strength
MPRegen  0.12/turn              o - +3 ring of strength

@: mighty, brilliant, petrified, gold aura, mesmerised
A: horns 2, retaliatory headbutt
a: Renounce Religion, Potion Petition, Call Merchant, Bribe Branch


You were in the Dungeon.
You worshipped Gozag.
Gozag was most pleased with you.
You visited 1 branch You collected 3087 gold pieces.
You paid 464 gold pieces to Gozag.

Inventory:

Hand Weapons
 a - a +1 broad axe of freezing (weapon)
Armour
 b - a +4 chain mail (worn)
 c - a +0 kite shield (worn)
 q - a +0 pair of boots (worn)
 r - a +0 cloak (worn)
Jewellery
 n - a +3 ring of strength (right hand)
 o - a +3 ring of strength (left hand)
Scrolls
 j - a scroll of blinking
 l - 5 scrolls of amnesia
 m - a scroll of summoning
Potions
 d - 2 potions of might
 e - 6 potions of curing
 f - 2 potions of heal wounds
 g - 3 potions of haste
 h - 4 potions of magic
 i - 6 potions of berserk rage
 k - 2 potions of invisibility
 p - a potion of brilliance


   Skills:
 + Level 14.8 Fighting
 + Level 16.0 Axes
 + Level 15.6 Armour
 + Level 5.7 Dodging
 + Level 5.1 Stealth
 + Level 14.6 Shields


You had 10 spell levels left.
You didn't know any spells.
Your spell library was empty.

Dungeon Overview and Level Annotations

Branches:
Dungeon (1/1)

Altars:
Ashenzari
Cheibriados
Dithmenos
Elyvilon
Fedhas
Gozag
Hepliaklqana
Kikubaaqudgha
Makhleb
Nemelex Xobeh
Okawaru
Qazlal
Ru
Sif Muna
Trog
Uskayaw
Vehumet
Wu Jian
Xom
Yredelemnul
Zin
The Shining One
Beogh
Jiyva
Lugonu

Annotations:
D Ilsuiw


Innate Abilities, Weirdness & Mutations

You have a pair of horns on your head.
You reflexively headbutt those who attack you in melee.


Message History

* * * LOW HITPOINT WARNING * * *
The merfolk siren chants its luring song.
The water elemental is engulfed in calcifying dust.
The water elemental stops moving altogether!
The lindwurm breathes flames at you. The blast of flame hits you!!
* * * LOW HITPOINT WARNING * * *
You are engulfed in calcifying dust.
The merfolk siren is no longer distracted by gold.
The merfolk siren chants its luring song.
The merfolk hits you from afar with a +0 trident!
* * * LOW HITPOINT WARNING * * *
The merfolk siren chants its luring song. x2
The lindwurm bites you.
* * * LOW HITPOINT WARNING * * *
The lindwurm claws you but does no damage.
The lindwurm claws you.
* * * LOW HITPOINT WARNING * * *
You are engulfed in calcifying dust.
The merfolk siren chants its luring song.
The merfolk hits you but does no damage.
The merfolk siren chants its luring song.
The wolf spider becomes distracted by the nearby gold, dreaming of imaginary riches.
The merfolk siren chants its luring song.
The lindwurm becomes distracted by the nearby gold, dreaming of imaginary riches.
The lindwurm roars!
The wolf spider hisses angrily.
The merfolk siren becomes distracted by the nearby gold, dreaming of imaginary riches.
The merfolk hits you from afar with a +0 trident!
* * * LOW HITPOINT WARNING * * *
The merfolk siren chants its luring song. x2
The merfolk siren shouts!
The merfolk hits you from afar with a +0 trident!
* * * LOW HITPOINT WARNING * * *
The merfolk siren chants its luring song. x2
The lindwurm is no longer distracted by gold.
The death yak is no longer petrified.
The wolf spider is no longer distracted by gold.
The death yak gores you.
You die...
Your body crumbles into a pile of gold.

.##''######### ##
.##.))...#...+ #...
.##....###...### #...#
.##...##.'...'.##
....#
.##..##..##)##..##...#
.##..#..##)..##.m'...#
.##..#..#.....#){#...#
###..'..'.....'$$kmEm+
###..#..#.....#.@#...#
[##..#..##...##..YEY.#
.##..##..##'##..##m..#
)##...##.+...'.##
....# )##....###...###
#...# )##......#...+
#... ##############
###


You could see a death yak, a catoblepas, a merfolk, a lindwurm, 2 water
elementals and 3 merfolk sirens.

Vanquished Creatures
  5 death yaks (D)
  A phantasmal warrior (D)
  A manticore (D)
  An eye of devastation (D)
  An orange demon (D)
  A molten gargoyle (D)
  A kobold demonologist (D)
  An ice devil (D)
  A jumping spider (D)
  A polar bear (D)
  6 dream sheep (D)
  A spriggan (D)
  Sigmund (D)
  A ynoxinul (D)
  A shadow (D)
  A warg (D)
  A floating eye (D)
  An ice beast (D)
  A centaur (D)
  A bullfrog (D)
  A gnoll sergeant (D)
  A scorpion (D)
  7 wights (D)
  An orc wizard (D)
  Terence (D)
  An adder (D)
  4 gnolls (D)
  An ufetubus (D)
  3 orcs (D)
  2 bat zombies (D)
  A goblin (D)
  A kobold (D)
  2 frilled lizards (D)
  A leopard gecko skeleton (D)
  A rat (D)
57 creatures vanquished.

Vanquished Creatures (others)
  A quokka (D)
1 creature vanquished.

Grand Total: 58 creatures vanquished

Notes
Turn   | Place    | Note
-------+----------+-------------------------------------------
     0 | D        | mhtbhm the Minotaur Fighter began the quest for the Orb.
     0 | D        | Reached XP level 1. HP: 19/19 MP: 0/0
    11 | D        | Noticed a floating eye
    13 | D        | Paralysed by a floating eye for 4 turns
    17 | D        | Killed a floating eye
    18 | D        | Reached skill level 4 in Axes
    18 | D        | Reached XP level 2. HP: 31/31 MP: 1/1
    18 | D        | Reached XP level 3. HP: 38/38 MP: 2/2
    18 | D        | Reached XP level 4. HP: 45/45 MP: 3/3
    22 | D        | Found a bloodstained altar of Trog.
    22 | D        | Found a shimmering blue altar of Sif Muna.
    22 | D        | Found a viscous altar of Jiyva.
    22 | D        | Found a hazy altar of Hepliaklqana.
    22 | D        | Found an opulent altar of Gozag.
    23 | D        | Found a glowing golden altar of the Shining One.
    23 | D        | Found a glowing silver altar of Zin.
    23 | D        | Found a basalt altar of Yredelemnul.
    23 | D        | Found a shimmering altar of Xom.
    23 | D        | Found an ornate altar of the Wu Jian Council.
    23 | D        | Found a sacrificial altar of Ru.
    23 | D        | Found a stormy altar of Qazlal.
    23 | D        | Found an iron altar of Okawaru.
    23 | D        | Found a sparkling altar of Nemelex Xobeh.
    23 | D        | Found a burning altar of Makhleb.
    23 | D        | Found a blossoming altar of Fedhas.
    23 | D        | Found a white marble altar of Elyvilon.
    23 | D        | Found a shadowy altar of Dithmenos.
    23 | D        | Found a snail-covered altar of Cheibriados.
    25 | D        | Found a radiant altar of Vehumet.
    25 | D        | Found a corrupted altar of Lugonu.
    27 | D        | Found an ancient bone altar of Kikubaaqudgha.
    27 | D        | Found a hide-covered altar of Uskayaw.
    27 | D        | Found a broken altar of Ashenzari.
    30 | D        | Became a worshipper of Gozag Ym Sagoz the Greedy
   182 | D        | Noticed Sigmund
   182 | D        | Noticed an ice beast
   196 | D        | Killed an ice beast
   197 | D        | Reached skill level 5 in Axes
   197 | D        | Reached XP level 5. HP: 27/53 MP: 4/4
   206 | D        | Killed Sigmund
   207 | D        | Reached skill level 7 in Axes
   207 | D        | Reached skill level 1 in Dodging
   207 | D        | Reached XP level 6. HP: 42/63 MP: 5/5
   409 | D        | Noticed a warg
   422 | D        | Killed a warg
   423 | D        | Reached skill level 10 in Fighting
   423 | D        | Reached skill level 8 in Axes
   423 | D        | Reached skill level 10 in Armour
   423 | D        | Reached XP level 7. HP: 57/72 MP: 6/6
   501 | D        | Reached skill level 9 in Axes
   506 | D        | Reached skill level 10 in Shields
   588 | D        | Noticed Terence
   588 | D        | Noticed an orange demon
   612 | D        | Killed an orange demon
   613 | D        | Reached skill level 10 in Axes
   613 | D        | Reached XP level 8. HP: 36/82 MP: 7/7
   624 | D        | Killed Terence
   983 | D        | Noticed a kobold demonologist
   990 | D        | Killed a kobold demonologist
   991 | D        | Reached skill level 11 in Axes
  1006 | D        | Noticed a polar bear
  1015 | D        | Killed a polar bear
  1172 | D        | Noticed a phantasmal warrior
  1183 | D        | Killed a phantasmal warrior
  1184 | D        | Reached skill level 12 in Axes
  1184 | D        | Reached XP level 9. HP: 57/90 MP: 8/8
  1318 | D        | Noticed a jumping spider
  1320 | D        | Killed a jumping spider
  1339 | D        | Noticed a manticore
  1340 | D        | Reached skill level 13 in Axes
  1351 | D        | Killed a manticore
  1352 | D        | Reached skill level 5 in Dodging
  1352 | D        | Reached XP level 10. HP: 82/101 MP: 9/9
  1441 | D        | Reached skill level 14 in Axes
  1450 | D        | Noticed a molten gargoyle
  1460 | D        | Killed a molten gargoyle
  1732 | D        | Noticed an eye of devastation
  1739 | D        | Killed an eye of devastation
  2008 | D        | Noticed a death yak
  2008 | D        | Noticed a death yak
  2008 | D        | Noticed a death yak
  2008 | D        | Noticed a death yak
  2008 | D        | Noticed a death yak
  2008 | D        | Noticed a death yak
  2008 | D        | Noticed a merfolk siren
  2008 | D        | Noticed a merfolk siren
  2008 | D        | Noticed a wolf spider
  2008 | D        | Noticed a catoblepas
  2009 | D        | Noticed a lindwurm
  2013 | D        | Noticed Ilsuiw
  2013 | D        | Noticed a merfolk siren
  2019 | D        | Killed a death yak
  2020 | D        | Reached skill level 15 in Armour
  2020 | D        | Reached skill level 1 in Stealth
  2021 | D        | Reached skill level 15 in Axes
  2022 | D        | Killed a death yak
  2027 | D        | Killed a death yak
  2028 | D        | Killed a death yak
  2029 | D        | Killed a death yak
  2030 | D        | Reached skill level 16 in Axes
  2030 | D        | Reached skill level 5 in Stealth
  2030 | D        | Reached XP level 11. HP: 51/111 MP: 10/10
  2038 | D        | HP: 1/111 [merfolk/+0 trident (5)]
  2039 | D        | Slain by a death yak

Illustrated notes

Levels and vault maps discovered:
D:        pitsprint [storerooms_1, entrance_room_1, metal_vault_6, armoury_2,
          mini_pit_1, grid_room_1, main_hall_1, silver_pit, the_coven_3,
          the_vestibule_1, steel_vault_4, golden_pit, hallway_of_sentries,
          crystal_vault_4, iron_vault_2, final_vault]

Skill      XL: |  1  2  3  4  5  6  7  8  9 10 |
---------------+-------------------------------+-----
Fighting       | 6 8 9 10 11 12 13 14 | 14.8
Axes           | 4 5 7 8 10 12 13 16 | 16.0
Armour         | 6 8 9 10 11 12 14 15 | 15.6
Shields        | 6 7 9 10 12 13 14 | 14.6
Dodging        | 1 3 4 5 |  5.7
Stealth        | 5 |  5.1

Action                   |  1- 3 |  4- 6 |  7- 9 | 10-12 || total
-------------------------+-------+-------+-------+-------++-------
Melee: War axe           |     2 |       |       |       ||     2
       Hand axe          |       |    56 |    47 |       ||   103
       Headbutt          |       |     9 |    25 |    14 ||    48
       Broad axe         |       |       |    41 |    35 ||    76
Invok: Potion Petition   |       |       |     1 |     1 ||     2
  Use: Potion            |       |     2 |     2 |     3 ||     7
 Stab: Petrified         |       |       |       |     9 ||     9
Armor: Scale mail        |       |     7 |       |       ||     7
       Chain mail        |       |    23 |    59 |    28 ||   110
Dodge: Dodged            |       |    14 |    31 |    13 ||    58
Block: Kite shield       |       |    33 |    71 |    24 ||   128

Table legend: (Time is in decaauts)
 A = Elapsed time spent in this place.
 B = Non-inter-level travel time spent in this place.
 C = Inter-level travel time spent in this place.
 D = Time resting spent in this place.
 E = Time spent auto-exploring this place.
 F = Levels seen in this place.
 G = Mean time per level.
                   A        B        C        D        E       F      G
               +--------+--------+--------+--------+--------+-----+--------+
         Total |   2040 |   2040 |      0 |   1324 |     31 |   1 | 2040.0 |
       Dungeon |   2040 |   2040 |      0 |   1324 |     31 |   1 | 2040.0 |
               +--------+--------+--------+--------+--------+-----+--------+

Top non-repeatable levels by time:
       D: 2040 daAuts
